Map: Acropolis LE

Players

Smeeeger

  • Race: Terran Terran
  • League: Platinum
  • Spawn Location: 5:00

A.I. 1 (Harder) - Winner!

  • Race: Terran Terran
  • Spawn Location: 11:00

VOD

Have the link to the VOD?

Description

Time

  • Played on: July 24, 2019, 10:38 p.m.
  • Length: 5:41
Show
View Real Time Build Order
Export as new Build Order

Smeeeger Terran 

Build Orders:  

Get SALT Encoding   

  12  0:01  SCV  
  13  0:13  SCV  
  14  0:18  Supply Depot  
  14  0:26  SCV  
  15  0:39  SCV  
  15  0:40  Barracks  
  16  0:45  Refinery  
  16  0:51  SCV  
  17  1:03  SCV  
  18  1:16  SCV  
  19  1:33  Orbital Command  
  19  1:34  Barracks Reactor  
  19  1:39  Command Center  
  19  1:58  SCV  
  20  2:08  Supply Depot  
  20  2:10  Marine x2, SCV  
  20  2:14  Barracks  
  23  2:29  Marine x2  
  25  2:30  Barracks  
  25  2:32  Supply Depot  
  25  2:47  Marine x2  
  27  2:51  Orbital Command  
  27  3:00  SCV  
  27  3:02  Barracks Tech Lab  
  27  3:04  Marine x2  
  30  3:06  Supply Depot  
  30  3:12  SCV  
  31  3:18  SCV  
  32  3:21  Stimpack, Barracks Reactor  
  32  3:23  Marine x2  
  32  3:24  SCV  
  32  3:25  Marine  
  36  3:30  SCV  
  37  3:36  SCV  
  37  3:41  Marine x2  
  39  3:43  Factory, Marine  
  41  3:54  Supply Depot  
  41  3:58  Marine x3  
  41  3:59  Marine  
  41  4:01  Marine  
  46  4:08  SCV  
  46  4:09  SCV  
  48  4:16  Marine x4  
  52  4:19  Marine  
  52  4:21  SCV  
  54  4:30  Starport  
  54  4:31  Factory Reactor  
  54  4:34  Marine x2  
  54  4:35  Marine x2, SCV x2  
  54  4:36  Marine  
  54  4:38  Supply Depot  
  61  4:47  SCV x2  
  61  4:52  Marine x2  
  65  4:59  Marine x2, SCV x2  
  68  5:00  Marine  
  70  5:09  Marine  
  70  5:10  Marine  
  70  5:11  SCV  
  73  5:19  Refinery  
  75  5:22  SCV  
  75  5:23  SCV  
  77  5:28  Refinery  
  78  5:40  Supply Depot  
Show
View Real Time Build Order
Export as new Build Order

A.I. 1 (Harder) Terran - Winner!

Build Orders:  

Get SALT Encoding   

  12  0:00  SCV  
  13  0:13  SCV  
  14  0:18  Supply Depot  
  14  0:25  SCV  
  15  0:40  SCV  
  15  0:41  Barracks  
  16  0:47  Refinery  
  16  0:52  SCV  
  17  1:04  SCV  
  18  1:16  SCV  
  19  1:19  Supply Depot  
  19  1:28  SCV  
  19  1:29  Marine  
  21  1:40  Barracks  
  21  1:41  Orbital Command  
  21  1:47  Refinery  
  21  1:48  Barracks Tech Lab  
  21  2:04  Factory  
  21  2:06  Marine  
  22  2:20  Supply Depot  
  22  2:25  Marauder  
  22  2:26  Marine  
  25  2:44  Marine  
  25  2:46  Marauder  
  25  2:50  Supply Depot  
  28  2:54  Hellion  
  30  3:02  Marine  
  31  3:07  Marine  
  32  3:20  Marine  
  32  3:25  Supply Depot, Marine  
  34  3:29  Hellion  
  36  3:37  Marine  
  37  3:43  Marine  
  37  3:46  SCV  
  39  3:51  Hellion  
  39  3:53  Supply Depot  
  41  3:58  SCV  
  41  4:02  Marauder  
  44  4:07  Engineering Bay  
  44  4:10  SCV  
  44  4:12  Hellion  
  47  4:23  Marauder, SCV  
  50  4:34  Hellion  
  50  4:35  SCV  
  53  4:47  SCV  
Tags
 
League
Platinum
Matchup
TvT
Race
Terran
Replay Pack
SC2 replays
Spawn Locations
Cross Positions
Add a new tag
Caveats
  • Supply blocks, unpowered buildings, or Contaminate may cause inaccurate times.
  • Supply counts are checked every 10 seconds.